 Dungeon Crawl Stone Soup version 0.30-a0-578-gdee14c521f (webtiles) character file.

Game seed: 1165741389969094476

83368 drugrobin the Warrior (level 14, -1/138 HPs)
             Began as a Demigod Delver on Dec 31, 2022.
             Slain by a will-o-the-wisp (14 damage)
             ... on level 1 of the Swamp.
             The game lasted 01:30:51 (27278 turns).

drugrobin the Warrior (Demigod Delver)             Turns: 27278, Time: 01:30:51

Health: -1/138     AC: 13    Str: 33    XL:     14   Next: 92%
Magic:  30/30      EV: 17    Int: 16    God:
Gold:   1445       SH:  0    Dex: 21    Spells: 16/29 levels left

rFire   . . .      SeeInvis .    s - +2 glaive (flame)
rCold   . . .      Faith    .    (shield currently unavailable)
rNeg    . . .      Spirit   .    d - +0 ring mail of Mebi {Regen+ rCorr Str+2}
rPois   .          Reflect  .    F - +1 helmet
rElec   .          Harm     .    Q - +1 cloak {Will+}
rCorr   +          Rampage  .    J - +0 pair of gloves {Stlth+}
Will    ++...                    S - +2 pair of boots
Stlth   +++                      (no amulet)
HPRegen 1.23/turn                e - +6 ring of dexterity
MPRegen 0.22/turn                K - +6 ring of strength

@: invisible
A: high MP 1, forlorn, divine attributes
a: no special abilities


You were on level 1 of the Swamp.
You visited 5 branches of the dungeon, and saw 21 of its levels.
You also visited: Bailey.

You collected 3133 gold pieces.
You spent 1688 gold pieces at shops.

Inventory:

Hand Weapons
 a - a +8 heavy halberd
 b - a +2 halberd of draining
 c - a +3 halberd of electrocution
 s - a +2 glaive of flaming (weapon)
Missiles
 f - 2 throwing nets
 M - 9 curare-tipped darts
Armour
 d - the +0 ring mail of Mebi (worn) {Regen+ rCorr Str+2}
   (You found it on level 5 of the Lair of Beasts)

   Str:       It affects your strength (+2).
   Regen:     It increases your rate of health regeneration.
   rCorr:     It protects you from acid and corrosion.
 F - a +1 helmet (worn)
 J - a +0 pair of gloves of stealth (worn)
 P - +0 acid dragon scales
 Q - a +1 cloak of willpower (worn)
 S - a +2 pair of boots (worn)
Jewellery
 e - a +6 ring of dexterity (left hand)
 A - a ring of willpower
 G - a ring of ice
 K - a +6 ring of strength (right hand)
 R - a ring of protection from cold
Wands
 g - a wand of digging (5)
 i - a wand of iceblast (5)
 k - a wand of polymorph (10)
 y - a wand of charming (14)
 L - a wand of flame (64)
 T - a wand of mindburst (33)
Scrolls
 j - 5 scrolls of teleportation
 l - a scroll of enchant armour {unknown}
 n - 4 scrolls of fog
 r - 6 scrolls of blinking
 t - a scroll of summoning
 v - 3 scrolls of immolation
 z - 3 scrolls of poison {unknown}
 C - 3 scrolls of vulnerability {unknown}
 Y - 6 scrolls of magic mapping
Potions
 h - a potion of berserk rage
 m - 3 potions of ambrosia
 o - 3 potions of attraction
 w - 6 potions of curing
 x - 3 potions of resistance
 B - 4 potions of haste
 H - 3 potions of invisibility
 N - 6 potions of magic {unknown}
 O - 6 potions of lignification
 V - a potion of might {unknown}
 W - a potion of experience {unknown}
Miscellaneous
 q - a phial of floods


   Skills:
 + Level 16.4 Fighting
 - Level 16.0 Polearms
 - Level 8.0 Dodging
 - Level 4.5 Stealth
 - Level 8.0 Spellcasting


You had 16 spell levels left.
You knew the following spells:

 Your Spells              Type           Power      Damage    Failure   Level
a - Magic Dart            Conj           24%        1d4       16%         1
b - Searing Ray           Conj           12%        2d4       24%         2
c - Fulminant Prism       Conj/Hex       3%         3d5       83%         4
d - Tukima's Dance        Hex            6%         N/A       43%         3
e - Mephitic Cloud        Conj/Pois/Air  6%         N/A       43%         3

Your spell library contained the following spells:

 Spells                   Type           Power      Damage    Failure   Level
 Kiss of Death            Conj/Necr      24%        2d7       16%         1
 Call Imp                 Summ           6%         N/A       24%         2
 Confusing Touch          Hex            6%         N/A       43%         3
 Dispel Undead            Necr           6%         3d8       83%         4
 Passage of Golubria      Tloc           6%         N/A       83%         4
 Fireball                 Conj/Fire      3%         3d4       99%         5
 Iskenderun's Battlesphe  Conj           6%         2d6       99%         5
 Yara's Violent Unravell  Hex/Tmut       3%         3d4       99%         5
 Conjure Ball Lightning   Conj/Air       3%         3x3d6     100%        6
 Iron Shot                Conj/Erth      3%         9d2       100%        6
 Orb of Destruction       Conj           3%         9d5       100%        7
 Spellforged Servitor     Conj/Summ      3%         N/A       100%        7


Dungeon Overview and Level Annotations

Branches:
Dungeon (12/15)            Temple (0/1) D:7            Lair (5/5) D:11
  Swamp (1/4) Lair:2        Snake (1/4) Lair:2        Slime (0/5) Lair:4
    Orc (2/2) D:10            Elf (0/3) Orc:2        Bailey (visited)

Shops:
D:2 :   D:7 [   D:8 (   D:11 [[:[*   Orc:1 *   Orc:2 *(*!

Annotations:
D:3 Ijyb
D:7 Joseph
D:9 5 transporters, exclusion: deep elf pyromancer
D:11 3 runed translucent doors, exclusion: obsidian statue, Newt's ghost, journeyman DsGl
Lair:3 2 transporters
Lair:4 Rupert
Snake:1 Louise


Innate Abilities, Weirdness & Mutations

You have an increased reservoir of magic. (+10% MP)
You shall have no god before yourself.
Your divine heritage dramatically boosts your attributes as you level up.


Message History

You reach to attack!
You strike the helpless eleionoma from behind!
You slice the eleionoma!! You burn the eleionoma!
The eleionoma is heavily wounded.
The eleionoma hurls a spray of splinters at you.
The spray of wooden splinters hits you.
* * * LOW HITPOINT WARNING * * *
The swamp worm fires a harpoon shot past the will-o-the-wisp.
The will-o-the-wisp barely misses you.
Unknown command.
Unknown command.
Unknown command.
Reach: s) +2 glaive (flame)
Press: ? - help, Dir - move target, f/p - eleionoma
Aim: an eleionoma (heavily wounded, unable to see you, about 27% to evade your +2 glaive of flaming)
You reach to attack!
You strike the helpless eleionoma from behind!
You slash the eleionoma! You burn the eleionoma.
The eleionoma is severely wounded.
The swamp worm fires a harpoon shot past the will-o-the-wisp.
Unknown command.
Unknown command.
Reach: s) +2 glaive (flame)
Press: ? - help, Dir - move target, f - swamp worm, p - eleionoma
Aim: a swamp worm (moderately wounded, unable to see you, about 31% to evade your +2 glaive of flaming)
You reach to attack!
You catch the helpless swamp worm completely off-guard!
You slice the swamp worm!! You burn the swamp worm!
You kill the swamp worm!
The will-o-the-wisp gestures.
The will-o-the-wisp conjures some foxfire! 2 foxfires come into view.
Unknown command.
Unknown command.
You barely miss the will-o-the-wisp.
The foxfire hits you but does no damage.
The foxfire hits you!
* * * LOW HITPOINT WARNING * * *
The will-o-the-wisp engulfs you!
You die...

♣♣~♣♣♣♣~♣♣..~.§~♣~.~♣
.~~~..§♣ ♣♣♣
♣♣♣♣~..~~~~~~~♣♣.~~~§~..♣
♣♣..~~~~~~.♣♣♣~~~~§~§.
♣♣.~~~~~.~♣♣.~~~~~~~.
♣.~~~~~.~.§.~~~~~~~.♣
♣..~~.~.~.......~~~.♣
♣♣R~~.~~).~.... ♣.....
♣~........§~..~~.♣.~§.
♣.~~§@†.~.~~~.~ ♣.~~.
♣~~~v§~~~..~~~~~~.~...
♣~~~§†~~~....~~~§....~
♣.~~>......♣~.R~~.~♣..
♣♣...~~....♣ ..$.....
♣♣.♣♣♣♣~~~~. ~.~.♣♣♣ ♣..
.~~~§~~~.♣♣ ♣.. .~~~.~~
♣~ .......


You could see an eleionoma (unable to see you) and a will-o-the-wisp.

Vanquished Creatures
  Gastronok (Lair:2)
  A ghost moth (Lair:2)
  Nessos (Lair:4)
  A bunyip (Swamp:1)
  An eleionoma (Swamp:1)
  Snorg (D:10)
  Harold (D:9)
  Fannar (D:10)
  Erolcha (D:10)
  5 hydras
  3 catoblepae (Lair:5)
  A two-headed ogre (D:8)
  2 boulder beetles
  A naga warrior (Snake:1)
  2 alligators (Swamp:1)
  19 death yaks
  A naga sharpshooter (Snake:1)
  Nergalle (Orc:1)
  3 orc high priests (Orc:2)
  2 goliath frogs (Swamp:1)
  A bog body (Lair:2)
  4 orc knights (Orc:2)
  2 lindwurms
  A deep elf pyromancer (D:11)
  3 cyclopes
  5 orc sorcerers (Orc:2)
  3 manticores
  2 naga magi (Snake:1)
  7 black mambas
  14 cane toads
  2 rime drakes
  An unseen horror (D:11)
  9 komodo dragons
  3 kobold demonologists
  Psyche (D:8)
  2 tyrant leeches (Swamp:1)
  3 hornets
  3 polar bears
  4 trolls
  A blink frog (shapeshifter) (D:11)
  9 dream sheep
  17 blink frogs
  Sigmund (D:5)
  2 spriggans (Swamp:1)
  2 shadows
  4 fire bats (Lair:4)
  53 yaks
  2 basilisks
  A human (Lair:4)
  12 vampire mosquitoes
  3 wyverns
  6 swamp worms (Swamp:1)
  5 nagas
  2 wargs (Orc:1)
  2 acid dragons
  20 water moccasins
  4 sky beasts
  3 black bears
  24 orc warriors
  5 ice beasts
  2 centaurs (D:9)
  8 ogres
  36 wolves
  2 phantoms
  12 kobold brigands
  16 bullfrogs
  A gnoll sergeant (D:7)
  4 scorpions (D:5)
  8 wights
  6 killer bees (D:9)
  2 electric eels (D:11)
  A howler monkey (D:11)
  A lava snake (Lair:4)
  4 quasits (D:4)
  3 jellies (D:5)
  17 orc priests
  4 hounds
  2 gnoll boudas
  Jessica (D:3)
  7 iguanas
  21 orc wizards
  25 gnolls
  11 adders
  3 worms
  A dart slug (D:3)
  84 orcs
  10 endoplasms
  3 giant cockroaches
  8 goblins
  5 hobgoblins
  2 quokkas
  5 ball pythons
  2 bats
  A frilled lizard (D:2)
  35 kobolds
  6 rats
656 creatures vanquished.

Vanquished Creatures (collateral kills)
  A gnoll sergeant (D:5)
  A killer bee (D:5)
  A shadow imp (D:5)
3 creatures vanquished.

Vanquished Creatures (others)
  4 foxfires (Swamp:1)
  85 fungi
  69 plants
158 creatures vanquished.

Grand Total: 817 creatures vanquished

Notes
Turn   | Place    | Note
-------+----------+-------------------------------------------
     0 | D:5      | drugrobin the Demigod Delver began the quest for the Orb.
     0 | D:5      | Reached XP level 1. HP: 18/18 MP: 3/3
     5 | D:5      | Noticed an orc wizard
     5 | D:5      | Noticed a scorpion
     5 | D:5      | Noticed an orc priest
    26 | D:5      | Noticed an ice beast
   350 | D:1      | Reached XP level 2. HP: 25/25 MP: 4/4
  1277 | D:2      | Found Gougi's Vocational Training.
  1321 | D:2      | Reached XP level 3. HP: 30/30 MP: 5/5
  1823 | D:2      | Learned a level 1 spell: Magic Dart
  2191 | D:3      | Reached XP level 4. HP: 37/37 MP: 6/6
  2207 | D:3      | Noticed Ijyb
  2238 | D:3      | Noticed Jessica
  2248 | D:3      | Killed Jessica
  3409 | D:4      | Reached skill level 5 in Polearms
  3409 | D:4      | Reached XP level 5. HP: 42/42 MP: 1/7
  3780 | D:4      | Noticed an ogre
  3798 | D:4      | Killed an ogre
  4110 | D:4      | Learned a level 2 spell: Searing Ray
  4141 | D:5      | Reached XP level 6. HP: 50/50 MP: 8/8
  4358 | D:5      | Noticed Sigmund
  4582 | D:5      | Reached XP level 7. HP: 56/56 MP: 2/9
  5314 | D:4      | Reached XP level 8. HP: 45/62 MP: 10/10
  5336 | D:4      | Lost dexterity.
  6352 | D:5      | Reached skill level 10 in Polearms
  7492 | D:5      | Learned a level 4 spell: Fulminant Prism
  8912 | D:7      | Noticed Joseph
  9005 | D:7      | Reached XP level 9. HP: 68/68 MP: 9/11
  9021 | D:7      | Found a staircase to the Ecumenical Temple.
  9194 | D:7      | Found Tamu's Armour Boutique.
  9202 | D:7      | Bought a +0 pair of boots for 45 gold pieces
  9803 | D:5      | Killed Sigmund
 10571 | D:8      | Noticed a two-headed ogre
 10596 | D:8      | Killed a two-headed ogre
 11311 | D:8      | Noticed Psyche
 11323 | D:8      | Killed Psyche
 11438 | D:8      | Reached XP level 10. HP: 67/73 MP: 8/13
 11590 | D:8      | Found Qiaci's Weapon Shoppe.
 11593 | D:8      | Bought a +0 heavy spear for 81 gold pieces
 11656 | D:9      | Found a flagged portal.
 11702 | Bailey   | Entered a bailey
 12150 | D:9      | Found a transporter.
 12442 | D:9      | Noticed a deep elf pyromancer
 12577 | D:9      | Noticed Harold
 12591 | D:9      | Killed Harold
 12753 | D:9      | Found a transporter.
 12755 | D:9      | Found a transporter.
 12760 | D:9      | Found a transporter.
 13013 | D:9      | Reached skill level 15 in Polearms
 13150 | D:9      | Found a transporter.
 13151 | D:9      | Noticed a cyclops
 13152 | D:9      | Noticed a boulder beetle
 13389 | D:9      | Noticed a rust devil
 13961 | D:10     | Entered Level 10 of the Dungeon
 14150 | D:10     | Noticed Snorg
 14162 | D:10     | Killed Snorg
 14163 | D:10     | Reached XP level 11. HP: 67/81 MP: 14/14
 14301 | D:10     | Noticed Fannar
 14325 | D:10     | Killed Fannar
 14472 | D:10     | Noticed Sonja
 14491 | D:10     | Sonja changed into Sonja the hornet
 14491 | D:10     | Noticed Sonja
 14492 | D:10     | Paralysed by Sonja for 3 turns
 14498 | D:10     | Killed Sonja the hornet
 14896 | D:10     | Noticed Erolcha
 14926 | D:10     | Killed Erolcha
 14927 | D:10     | Reached skill level 5 in Fighting
 15316 | D:10     | Found a staircase to the Orcish Mines.
 15415 | D:11     | Found a runed translucent gate.
 15415 | D:11     | Found a runed translucent gate.
 15415 | D:11     | Found a runed translucent gate.
 15475 | D:11     | Noticed a deep elf pyromancer
 15488 | D:11     | Killed a deep elf pyromancer
 15802 | D:11     | Noticed an obsidian statue
 15803 | D:11     | Noticed Newt's ghost (journeyman DsGl)
 15804 | D:11     | Noticed an ogre mage
 15804 | D:11     | Noticed a deep elf zephyrmancer
 15805 | D:11     | Found Iqagri's Assorted Antiques.
 15918 | D:11     | Found Usirghuo's Armour Emporium.
 15918 | D:11     | Found Qephoyb's Book Emporium.
 16061 | D:11     | Found Soiwajes's Antique Armour Emporium.
 16065 | D:11     | Found Muskez's Antique Armour Emporium.
 16372 | D:11     | Bought a runed troll leather armour for 324 gold pieces
 16544 | D:11     | Found a staircase to the Lair.
 16687 | D:11     | Noticed Maurice
 16688 | D:11     | Maurice changed into Maurice the ice beast
 16688 | D:11     | Noticed Maurice
 16692 | D:11     | Killed Maurice the ice beast
 16959 | Lair:1   | Entered Level 1 of the Lair of Beasts
 17033 | Lair:1   | Reached skill level 1 in Spellcasting
 17303 | Lair:1   | Reached XP level 12. HP: 105/105 MP: 14/17
 18013 | Lair:2   | Noticed Gastronok
 18094 | Lair:2   | Killed Gastronok
 18095 | Lair:2   | Reached skill level 10 in Fighting
 18113 | Lair:2   | Noticed an eight-headed hydra
 18124 | Lair:2   | an eight-headed hydra changed into something unseen
 18428 | Orc:1    | Entered Level 1 of the Orcish Mines
 18441 | Orc:1    | Noticed Nergalle
 18450 | Orc:1    | Killed Nergalle
 18530 | Orc:1    | Found Piapaur's General Store.
 19100 | Orc:2    | Entered Level 2 of the Orcish Mines
 19225 | Orc:2    | Reached skill level 5 in Dodging
 19467 | Orc:2    | Found Lehem's General Store.
 19801 | Orc:2    | Found a staircase to the Elven Halls.
 20042 | Orc:2    | Reached skill level 5 in Spellcasting
 20216 | Orc:2    | Found Uhic's Weapon Boutique.
 20221 | Orc:2    | Found Jiwoucav's Distillery.
 20228 | Orc:2    | Bought a potion of berserk rage for 75 gold pieces
 20228 | Orc:2    | Bought a potion of flight for 45 gold pieces
 20228 | Orc:2    | Bought a potion of mutation for 120 gold pieces
 20229 | Orc:2    | Found Ykhlit's General Store.
 20237 | Orc:2    | Bought a potion of invisibility for 104 gold pieces
 20540 | Orc:1    | Bought a scroll of immolation for 48 gold pieces
 20540 | Orc:1    | Bought a potion of lignification for 36 gold pieces
 20540 | Orc:1    | Bought a potion of heal wounds for 60 gold pieces
 20540 | Orc:1    | Bought a scroll of acquirement for 624 gold pieces
 20540 | Orc:1    | Acquired 815 gold pieces
 20674 | Lair:1   | Reached XP level 13. HP: 103/116 MP: 25/25
 20734 | Lair:2   | Found a staircase to the Snake Pit.
 20773 | Snake:1  | Entered Level 1 of the Snake Pit
 21108 | Snake:1  | Learned a level 3 spell: Tukima's Dance
 21132 | Snake:1  | Noticed Louise
 21516 | Lair:3   | Found a transporter.
 21583 | Lair:2   | Killed a ghost moth
 22280 | Lair:2   | Found a staircase to the Swamp.
 22716 | Lair:3   | Identified the +1 ring mail "Wutuerch" {Str+4}
 22888 | Lair:3   | Found a transporter.
 23068 | Lair:3   | Learned a level 3 spell: Mephitic Cloud
 23676 | Lair:4   | Noticed Nessos
 23692 | Lair:4   | Killed Nessos
 24338 | Lair:4   | Found a runed translucent door.
 24353 | Lair:4   | Noticed Rupert
 24490 | Lair:4   | Reached XP level 14. HP: 129/129 MP: 30/30
 24502 | Lair:4   | Found a runed translucent door.
 24506 | Lair:4   | Found a staircase to the Slime Pits.
 24810 | Lair:5   | Entered Level 5 of the Lair of Beasts
 24995 | Lair:5   | Identified the +0 ring mail of Mebi {Regen+ rCorr Str+2}
 25728 | Lair:5   | Reached skill level 15 in Fighting
 26624 | D:11     | Bought a faintly glowing leather armour for 126 gold pieces
 26624 | D:11     | Identified the +4 leather armour of the Gusle {-Tele Will+
                  | Str+10 Stlth-} (You bought it in a shop on level 11 of the
                  | Dungeon)
 26712 | Swamp:1  | Entered Level 1 of the Swamp
 27278 | Swamp:1  | Slain by a will-o-the-wisp

Illustrated notes

Levels and vault maps discovered:
D:1:      eino_arrival_water_star, layout_loops_corners
D:2:      layout_basic, dreamdust_ecumenical_altar_statues, basic_altar,
          nicolae_shop_vocational
D:3:      layout_loops_corners, amcnicky_altar_gilded,
          nicolae_overflow_two_pavilions,
          chequers_temple_overflow_statue_of_worship, uniq_ijyb, uniq_jessica
D:4:      cheibrodos_quashed, layout_basic
D:5:      minmay_clustersquares, layout_loops_ring, serial_glass,
          glass_columns_b, glass_columns_b, uniq_sigmund
D:6:      layout_loops_ring, nicolae_ashenzari_panopticon,
          dreamdust_princess_corridor
D:7:      layout_loops_ring, okawaru_gym_becter,
          minmay_temple_entry_statues_fountains, serial_shops,
          nicolae_shop_trees, uniq_joseph
D:8:      layout_rooms, serial_shops, kennysheep_mini, uniq_psyche
D:9:      layout_gridville, mainiacjoe_overflow_concentric_impassable,
          grunt_nemelex_the_gamble, special_room [special_room_kobold],
          enter_bailey_8, nicolae_transporter_circle, uniq_harold
D:10:     layout_roguey, nicolae_dithmenos_through_a_glass_darkly,
          minmay_orc_entry_temple_small, uniq_fannar, uniq_snorg, uniq_erolcha,
          uniq_sonja
D:11:     minmay_distorted_concentric_squares, layout_rooms,
          due_lair_maze_entry_diamond, ebering_ghost_gozag, serial_glass,
          glass_columns_c, glass_columns_a, minmay_shop_grid_forest,
          nicolae_lava_and_water, uniq_maurice
D:12:     dreamdust_wu_jian_sword_trials, layout_irregular_city, zin_scriptorium
Lair:1:   layout_cave_pods
Lair:2:   layout_roguey, skrybe_swamp_entry_bodies, guppyfry_snake_entry_garden,
          minivault_19, nzn_sisyphean_effort, grunt_megastairs_2, uniq_gastronok
Lair:3:   gammafunk_cloud_chamber, layout_layer_cave, grunt_megastairs_1
Lair:4:   layout_gridlike, slime_entry_2, pdpol_lair_cabin_in_the_woods,
          uniq_nessos
Lair:5:   evilmike_catoblepas_cave, layout_cave_pods, basic_altar,
          dreamdust_mushroom_princess, chequers_serial_rivers_marsh
Swamp:1:  layout_basic_swamp, nicolae_swamp_big_swirl, nicolae_swamp_treefoil
Snake:1:  layout_grid_maze, drop_trap, nicolae_snake_dead_anacondas,
          grunt_megastairs_4, uniq_louise
Orc:1:    minmay_goldmine, layout_caves, serial_shops,
          nicolae_shop_window_shopping, nicolae_orc_lost_temple, uniq_nergalle
Orc:2:    st_orc_elflike, layout_diamond_mine, uniq_rupert

Skill      XL: |  1  2  3  4  5  6  7  8  9 10 11 12 13 14 |
---------------+-------------------------------------------+-----
Polearms       | 2 3 4 5 6 7 9 11 13 16 | 16.0
Fighting       | 9 11 13 16 | 16.4
Dodging        | 2 6 8 |  8.0
Spellcasting   | 1 5 8 |  8.0
Stealth        | |  4.5

Action                   |  1- 3 |  4- 6 |  7- 9 | 10-12 | 13-15 || total
-------------------------+-------+-------+-------+-------+-------++-------
Melee: Spear             |    86 |       |       |       |       ||    86
       Punch             |     2 |       |       |       |       ||     2
       Halberd           |    27 |   150 |   218 |   886 |   633 ||  1914
       Whip              |       |       |     7 |       |       ||     7
       Glaive            |       |       |   111 |       |    25 ||   136
 Fire: Sling             |    22 |       |       |       |       ||    22
Throw: Stone             |     1 |     1 |       |       |       ||     2
       Dart              |       |     2 |    28 |    13 |       ||    43
       Throwing net      |       |       |       |     4 |     2 ||     6
       Boomerang         |       |       |       |    17 |     5 ||    22
 Cast: Magic Dart        |       |    22 |    35 |     5 |    13 ||    75
       Searing Ray       |       |     3 |    20 |     8 |     3 ||    34
       Mephitic Cloud    |       |       |       |       |     7 ||     7
Evoke: Wand              |       |       |    20 |    16 |     2 ||    38
       Phial of floods   |       |       |       |     1 |     1 ||     2
  Use: Potion            |     2 |       |     3 |     5 |     2 ||    12
       Scroll            |       |       |       |    11 |    10 ||    21
 Stab: Sleeping          |     2 |     5 |     7 |    29 |    15 ||    58
       Distracted        |       |       |     1 |     4 |     3 ||     8
       Confused          |       |       |       |       |     1 ||     1
       Invisible         |       |       |       |       |     4 ||     4
       Petrifying        |       |       |       |       |     1 ||     1
Armor: Chain mail        |    40 |       |       |       |       ||    40
       Leather armour    |     1 |       |       |       |       ||     1
       Ring mail         |     8 |    44 |   188 |       |    62 ||   302
       Acid dragon scale |       |       |    41 |   136 |       ||   177
       Skin              |       |       |     1 |       |       ||     1
       Troll leather arm |       |       |       |    51 |    99 ||   150
Dodge: Dodged            |    26 |    76 |   188 |   315 |   445 ||  1050

Table legend: (Time is in decaauts)
 A = Elapsed time spent in this place.
 B = Non-inter-level travel time spent in this place.
 C = Inter-level travel time spent in this place.
 D = Time resting spent in this place.
 E = Time spent auto-exploring this place.
 F = Levels seen in this place.
 G = Mean time per level.
                   A        B        C        D        E       F      G
               +--------+--------+--------+--------+--------+-----+--------+
         Total |  27349 |  25186 |   2163 |   3927 |  14740 |  22 | 1243.1 |
       Dungeon |  16965 |  15776 |   1189 |   3449 |   8686 |  12 | 1413.8 |
          Lair |   6926 |   6093 |    833 |    160 |   4356 |   5 | 1385.2 |
         Swamp |    590 |    590 |      0 |     90 |    259 |   1 |  590.0 |
     Snake Pit |    411 |    411 |      0 |    102 |    122 |   1 |  411.0 |
  Orcish Mines |   2044 |   1905 |    139 |     74 |   1217 |   2 | 1022.0 |
        Bailey |    410 |    410 |      0 |     51 |     98 |   1 |  410.0 |
               +--------+--------+--------+--------+--------+-----+--------+

Top non-repeatable levels by time:
     D:5: 2989 daAuts
     D:9: 1794 daAuts
    D:10: 1784 daAuts
  Lair:1: 1669 daAuts
  Lair:5: 1667 daAuts
     D:6: 1663 daAuts
     D:7: 1628 daAuts
     D:4: 1617 daAuts
  Lair:2: 1351 daAuts
    D:11: 1241 daAuts
  Lair:4: 1164 daAuts
   Orc:2: 1157 daAuts
     D:3: 1112 daAuts
     D:8: 1095 daAuts
     D:2: 1086 daAuts
